 Dungeon Crawl Stone Soup version 0.17-a0-2098-gf59d6bc (webtiles) character file.

261 lsdob the Covert (level 5, 0/39 HPs)
             Began as a Vampire Assassin on Oct 17, 2015.
             Succumbed to emiel's ghost's poison
             ... on level 3 of the Dungeon.
             The game lasted 00:18:05 (2088 turns).

lsdob the Covert (Vampire Assassin)                 Turns: 2088, Time: 00:18:05

Health: 0/39       AC:  3    Str:  9 (10) XL:     5   Next: 96%
Magic:  5/5        EV: 14    Int: 13      God:
Gold:   122        SH:  0    Dex: 17      Spells: 0 memorised, 4 levels left

rFire  . . .     SeeInvis +     a - +3 dagger
rCold  . . .     Clarity  .     c - +0 robe
rNeg   . . .     SustAt   .     (no shield)
rPois  .         Gourm    .     (no helmet)
rElec  .         Spirit   .     d - +0 cloak
rCorr  .         Warding  .     (no gloves)
rMut   .         Stasis   .     (no boots)
MR     .....                    (no amulet)
Stlth  ++........               (no ring)
                                (no ring)

@: lethally poisoned (0 -> -6), regenerating quickly, glowing, not resistant to
hostile enchantments, unstealthy
A: fangs 3, see invisible, unbreathing
a: no special abilities


You were on level 3 of the Dungeon.
You were very full.

You visited 1 branch of the dungeon, and saw 3 of its levels.

You collected 122 gold pieces.

Inventory:

Hand Weapons
 a - a +3 dagger (weapon)
 b - a +0 blowgun
Missiles
 e - 6 poisoned needles
 f - 2 curare-tipped needles
Armour
 c - a +0 robe (worn)
 d - a +0 cloak (worn)
Scrolls
 h - 2 scrolls of identify
 i - 2 scrolls of magic mapping
 k - 4 scrolls of teleportation {unknown}
 l - 3 scrolls of remove curse {unknown}
 o - a scroll of enchant weapon
 p - a scroll of recharging {unknown}
 q - a scroll of blinking {unknown}
 r - 2 scrolls of enchant armour {unknown}
Potions
 m - a potion of brilliance
 n - 3 potions of invisibility


   Skills:
 + Level 2.7 Fighting
 + Level 3.1 Short Blades
 - Level 1.5 Throwing
 + Level 3.2 Dodging
 + Level 8.8 Stealth


You had 4 spell levels left.
You didn't know any spells.

Dungeon Overview and Level Annotations

Branches:
Dungeon (3/15)

Altars:


Innate Abilities, Weirdness & Mutations

Your natural rate of healing is unusually fast.
You have razor-sharp teeth.
You have supernaturally acute eyesight.
You can survive without breathing.


Message History

You feel sick.
You see here a poisoned needle.
* * * LOW HITPOINT WARNING * * *
You feel sick.
Drink which item? (? for menu, Esc to quit)
Yummy - fresh blood!
* * * LOW HITPOINT WARNING * * *
You feel sick.
There is a lethal amount of poison in your body!
* * * LOW HITPOINT WARNING * * *
You feel sick.
* * * LOW HITPOINT WARNING * * *
You feel sick.
* * * LOW HITPOINT WARNING * * *
You feel sick.
* * * LOW HITPOINT WARNING * * *
You feel sick.
* * * LOW HITPOINT WARNING * * *
You feel sick.
You die...

.##.#...####.........####....#
###.##.## ##.......## ##.#.##
#..### ##.....## ###..# ##.#
##..(## ##.# .# #######'## #.#
.# #....##.# #.# .#
###.##.##.# #.# #.........##
#.# #.#(##.#.@=#### #.#
#.###.#...........########.#
#........#.#...##..........#
#####.#.##.#..##############
#.........# #########.# ###.#
#...# #.#.#


There were no monsters in sight!

Vanquished Creatures
  A centaur (D:3)
  The ghost of emiel the Sneak, a weakling SpEn (D:3)
  Natasha (thrice) (D:2)
  5 adders
  2 oozes (D:2)
  A worm (D:3)
  6 orcs (D:3)
  A ball python (D:1)
  5 goblins
  9 hobgoblins
  12 kobolds
  4 bats
  5 giant newts
  3 rats (D:1)
58 creatures vanquished.

Notes
Turn   | Place    | Note
--------------------------------------------------------------
     0 | D:1      | lsdob the Vampire Assassin began the quest for the Orb.
     0 | D:1      | Reached XP level 1. HP: 16/16 MP: 1/1
    38 | D:1      | Reached skill level 6 in Stealth
   185 | D:1      | Reached XP level 2. HP: 22/22 MP: 2/2
   454 | D:2      | Noticed Natasha
   503 | D:2      | Reached XP level 3. HP: 27/27 MP: 3/3
   529 | D:2      | Killed Natasha
   529 | D:2      | Reached skill level 7 in Stealth
   631 | D:2      | Reached XP level 4. HP: 33/33 MP: 4/4
   705 | D:2      | Noticed Natasha
   726 | D:2      | Killed Natasha
  1032 | D:2      | Noticed Natasha
  1042 | D:2      | Killed Natasha
  1364 | D:3      | Noticed a centaur
  1391 | D:3      | HP: 1/34 [centaur (4)]
  1392 | D:3      | Killed a centaur
  1392 | D:3      | Reached skill level 8 in Stealth
  1392 | D:3      | Reached XP level 5. HP: 1/39 MP: 5/5
  2057 | D:3      | Noticed emiel's ghost (weakling SpEn)
  2071 | D:3      | Killed emiel's ghost
  2087 | D:3      | HP: 1/39 [poisoned by emiel's ghost]
  2088 | D:3      | Succumbed to emiel's ghost's poison

Vault maps used:
D:1:      mainiacjoe_arrival_reflecting_pool
D:2:      uniq_natasha
D:3:      st_stairs_10, patterned_corridor, uniq_robin

Action                   |  1- 3 |  4- 6 || total
-------------------------+-------+-------++-------
Melee: Dagger            |    79 |    89 ||   168
 Fire: Blowgun           |       |     5 ||     5
  Use: Scroll            |     4 |     1 ||     5
       Potion            |       |     4 ||     4
 Stab: Sleeping          |     3 |     9 ||    12
  Eat: Corpse            |     8 |     6 ||    14
